[Event "Titled Tuesday Blitz July 11 Early 2023"]
[White "Devaev, Alexander"]
[Black "Novikova, Margarita"]
[WhiteFideId "4169395"]
[BlackFideId "14109689"]
[WhiteElo "2462"]
[BlackElo "2182"]
[Result "0-1"]
[Round "4"]
[TimeControl "180+2"]
[Date "2023.07.11"]
[WhiteClock "0:00:00"]
[BlackClock "0:00:06"]
[Board "171"]

1. Nf3 Nf6 2. c4 c5 3. Nc3 Nc6 4. e3 d6 5. d4 g6 6. d5 Nb8 7. e4 Bg7 8. h3 O-O 9. Bd3 a6 10. a4 b6 11. O-O Bb7 12. Bg5 h6 13. Bh4 g5 14. Bg3 Nbd7 15. h4 g4 16. Nh2 h5 17. Be2 Ne8 18. f3 gxf3 19. Bxf3 Bd4+ 20. Kh1 Ng7 21. Bxh5 Nf6 22. Bf3 e6 23. Ng4 Nfh5 24. Be1 Kh7 25. Qc2 f5 26. exf5 exf5 27. Ne2 Kg8 28. Nh6+ Kh7 29. Nxf5 Rxf5 30. Bxh5 Kg8 31. Rxf5 Nxf5 32. Qxf5 Bxb2 33. Rb1 Bf6 34. Rxb6 Bc8 35. Qg6+ Kh8 36. Rb3 Ra7 37. Rf3 Bg7 38. Qe8+ Qxe8 39. Bxe8 Re7 40. Bc3 Rxe2 41. Bg6 Bxc3 42. Rxc3 Bd7 43. a5 Ra2 44. Re3 Rxa5 45. Re7 Ba4 46. h5 Bb3 47. Re4 Kg7 48. g4 Ra4 49. g5 Rxc4 50. Re7+ Kf8 51. Rf7+ Kg8 52. h6 Rh4+ 53. Kg2 Bxd5+ 54. Kg3 Bxf7 55. Bxf7+ Kxf7 56. Kxh4 Kg6 57. Kg4 a5 58. Kf4 a4 59. Ke4 a3 60. Kd3 a2 61. h7 a1=Q 62. h8=Q Qxh8 0-1


[Site "https://www.chess.com"]

[Event "Titled Tuesday Blitz July 11 Early 2023"]
[White "Lisjak, Zlatko"]
[Black "Gatterer, Florian"]
[WhiteFideId "14502186"]
[BlackFideId "811688"]
[WhiteElo "2161"]
[BlackElo "2459"]
[Result "0-1"]
[Round "4"]
[TimeControl "180+2"]
[Date "2023.07.11"]
[WhiteClock "0:00:00"]
[BlackClock "0:00:30"]
[Board "172"]

1. d4 d5 2. Nc3 Nf6 3. Bf4 c5 4. e3 cxd4 5. exd4 Bg4 6. f3 Bd7 7. g4 e6 8. Bd3 Nc6 9. Nb5 Rc8 10. c3 Qb6 11. Qe2 a6 12. Nd6+ Bxd6 13. Bxd6 Nxd4 14. Qe5 Qxb2 15. Rd1 Qxc3+ 16. Kf2 Nb5 17. Ne2 Qxe5 18. Bxe5 O-O 19. g5 Ne8 20. h4 Ned6 21. h5 Nf5 22. g6 fxg6 23. hxg6 h6 24. Nf4 Nc3 25. Rc1 Nxa2 26. Ra1 Nb4 27. Bb1 Nc6 28. Bb2 Nfd4 0-1


[Site "https://www.chess.com"]

[Event "Titled Tuesday Blitz July 11 Early 2023"]
[White "Wesolowska, Hanna"]
[Black "Rodriguez Fontecha, Marcos"]
[WhiteFideId "1104683"]
[BlackFideId "2256576"]
[WhiteElo "2160"]
[BlackElo "2457"]
[Result "1/2-1/2"]
[Round "4"]
[TimeControl "180+2"]
[Date "2023.07.11"]
[WhiteClock "0:00:07"]
[BlackClock "0:00:06"]
[Board "173"]

1. e4 e6 2. Nc3 d5 3. d4 Bb4 4. e5 Ne7 5. Bd2 b6 6. Qg4 O-O 7. Bd3 c5 8. dxc5 bxc5 9. a3 Bxc3 10. bxc3 c4 11. Be2 Nbc6 12. f4 f6 13. Nf3 Qb6 14. h4 fxe5 15. fxe5 Nf5 16. h5 d4 17. cxd4 Ncxd4 18. Nxd4 Nxd4 19. Kd1 Nxe2 20. Qxe2 c3 21. Be3 Qb2 22. Rc1 a5 23. h6 g6 24. Rf1 Rxf1+ 25. Qxf1 Qb7 26. Qf6 Qd7+ 27. Ke1 Ba6 28. Rd1 Qc7 29. Qxe6+ Qf7 30. Qxf7+ Kxf7 31. Rd6 Bb5 32. Rf6+ Ke7 33. Rb6 Bc4 34. Bd4 Be6 35. Bxc3 Bd5 36. Bd4 Rc8 37. c3 Bc6 38. Ra6 Ke6 39. Rxa5 Kf5 40. Ra6 Ke4 41. Ra7 Bd5 42. Rxh7 Rb8 43. Kf2 Bc4 44. Kg3 Rb2 45. Rg7 Bf1 46. Kh4 Rxg2 47. h7 Rh2+ 48. Kg5 Rg2+ 49. Kf6 Be2 50. Ke7 Rh2 51. Kf8 Bg4 52. Kg8 Be6+ 53. Kf8 Kd5 54. Rxg6 Rh1 55. Rg7 Rf1+ 56. Ke7 Rh1 57. Rg6 Bf5 58. Rg7 Bxh7 59. e6 Bf5 60. Kf7 Bxe6+ 61. Kf6 Rf1+ 62. Ke7 Bf5 63. Rg5 Kc4 64. a4 Be4 65. Kd6 Rb1 66. Rc5+ Kd3 67. Rb5 Ra1 68. a5 Bg6 69. Kc5 Be8 70. Rb8 Rxa5+ 71. Kb4 Ra4+ 72. Kb3 Rxd4 73. cxd4 Bf7+ 74. Kb4 Kxd4 75. Rd8+ Bd5 76. Kb5 Ke5 77. Kc5 Be6 78. Re8 Kf6 79. Rd8 Bf7 80. Rd6+ Kg7 81. Kd4 Bg6 82. Ke5 Bf7 83. Re6 Bxe6 1/2-1/2


[Site "https://www.chess.com"]

[Event "Titled Tuesday Blitz July 11 Early 2023"]
[White "Mmukka"]
[Black "HeinichessPY"]
[WhiteElo "2456"]
[BlackElo "2154"]
[Result "1-0"]
[Round "4"]
[TimeControl "180+2"]
[Date "2023.07.11"]
[WhiteClock "0:00:14"]
[BlackClock "0:00:00"]
[Board "174"]

1. e4 c5 2. Nf3 Nc6 3. d4 cxd4 4. Nxd4 g6 5. Nc3 Bg7 6. Nb3 Nf6 7. Be2 O-O 8. O-O d6 9. Bg5 Bd7 10. Kh1 Rc8 11. f4 a5 12. a4 Nb4 13. Bf3 Bc6 14. Nd4 Bd7 15. e5 dxe5 16. fxe5 Nh5 17. Bxh5 gxh5 18. Qxh5 Qb6 19. Bxe7 Qxd4 20. Bxf8 Rxf8 21. Rad1 Qc4 22. Qg5 Bc6 23. Rf4 Qe6 24. Rg4 Qg6 25. Qh4 Nxc2 26. Rxg6 fxg6 27. Qc4+ Kh8 28. Qe2 Nb4 29. h3 Re8 30. e6 Re7 31. Rd8+ Be8 32. Qc4 Nc6 33. Rc8 h5 34. Qe4 Kh7 35. Nd5 1-0


[Site "https://www.chess.com"]

[Event "Titled Tuesday Blitz July 11 Early 2023"]
[White "Grigoryan, Meri"]
[Black "Kukreja Sankalp"]
[WhiteFideId "13300571"]
[BlackFideId "45027676"]
[WhiteElo "2143"]
[BlackElo "2456"]
[Result "0-1"]
[Round "4"]
[TimeControl "180+2"]
[Date "2023.07.11"]
[WhiteClock "0:00:00"]
[BlackClock "0:00:31"]
[Board "175"]

1. d4 d5 2. Nf3 Nf6 3. Bf4 Bf5 4. c3 e6 5. e3 Bd6 6. Bd3 Bxf4 7. exf4 Bxd3 8. Qxd3 O-O 9. Nbd2 Nbd7 10. Ne5 c5 11. O-O Rc8 12. Rac1 Qb6 13. b3 Qa5 14. c4 Rfd8 15. cxd5 Nxd5 16. Ndc4 Qc7 17. dxc5 Nxc5 18. Qg3 Ne4 19. Qh4 b5 20. f3 Nec3 21. Rfe1 bxc4 22. bxc4 Qb6+ 23. Kh1 Nxa2 24. Rcd1 Nf6 0-1


[Site "https://www.chess.com"]

[Event "Titled Tuesday Blitz July 11 Early 2023"]
[White "Luo, Terry"]
[Black "Sailer, Mike"]
[WhiteFideId "30931045"]
[BlackFideId "2012901"]
[WhiteElo "2449"]
[BlackElo "2136"]
[Result "0-1"]
[Round "4"]
[TimeControl "180+2"]
[Date "2023.07.11"]
[WhiteClock "0:01:33"]
[BlackClock "0:00:08"]
[Board "176"]

1. d4 d5 2. Nc3 Nf6 3. Bf4 a6 4. e3 e6 5. Nf3 c5 6. Ne5 Nc6 7. g4 h6 8. Bg2 Bd6 9. h4 cxd4 10. exd4 Qc7 11. g5 hxg5 12. hxg5 Rxh1+ 13. Bxh1 Nd7 14. g6 f6 15. Nxd7 Bxf4 16. Nc5 b6 17. Nd3 Bh6 18. Ne2 Qh2 19. Bf3 Qh3 20. Ng1 Qh2 21. Ne2 Bb7 22. c3 O-O-O 23. Ng3 e5 24. dxe5 fxe5 25. Bg4+ Kb8 26. Qe2 e4 27. Nb4 Nxb4 28. cxb4 d4 29. Nxe4 Qh1+ 30. Qf1 Qxe4+ 31. Be2 d3 32. f3 Qxe2+ 33. Qxe2 dxe2 34. Kxe2 Rd2+ 35. Kf1 Bxf3 36. Re1 Rxb2 37. Re8+ Kb7 38. Re6 Rxa2 39. Re7+ Kc6 40. Ke1 Bg5 41. Re6+ Kb5 42. Re5+ Kxb4 43. Rxg5 a5 44. Rg3 Bd5 45. Re3 Bc4 46. Re7 b5 47. Rxg7 a4 48. Rc7 Rg2 49. g7 a3 50. Kd1 Rg1+ 51. Kd2 a2 52. Ra7 a1=Q 53. Rxa1 Rxa1 54. Ke3 Rg1 55. Kd4 Rxg7 56. Ke5 Rd7 57. Kf6 Rd3 58. Ke5 Kc5 59. Kf4 b4 0-1


[Site "https://www.chess.com"]

[Event "Titled Tuesday Blitz July 11 Early 2023"]
[White "Nunez V, Gustavo Eduardo"]
[Black "Mangialardo, Tiago Carvalho"]
[WhiteFideId "4403690"]
[BlackFideId "2130718"]
[WhiteElo "2449"]
[BlackElo "2130"]
[Result "1-0"]
[Round "4"]
[TimeControl "180+2"]
[Date "2023.07.11"]
[WhiteClock "0:00:59"]
[BlackClock "0:00:00"]
[Board "177"]

1. e4 Nf6 2. Nc3 d5 3. exd5 Nxd5 4. Bc4 Nxc3 5. Qf3 e6 6. dxc3 g6 7. Bf4 Bg7 8. Rd1 Qe7 9. Ne2 O-O 10. O-O Nc6 11. Rfe1 Ne5 12. Bxe5 Bxe5 13. Nd4 Bd6 14. Nb5 Bc5 15. b4 Bb6 16. Nd4 a6 17. Nb3 Rb8 18. a4 Bd7 19. a5 Bc6 20. Qg3 Ba7 21. h4 Rbd8 22. h5 Qf6 23. hxg6 hxg6 24. Rd3 Rxd3 25. Bxd3 Qxc3 26. Kf1 Qxb4 27. Rxe6 1-0


[Site "https://www.chess.com"]

[Event "Titled Tuesday Blitz July 11 Early 2023"]
[White "Jimenez Ruano, Adrian"]
[Black "Marin Masis, Jose Esteban"]
[WhiteFideId "22276050"]
[BlackFideId "6508146"]
[WhiteElo "2448"]
[BlackElo "2126"]
[Result "1-0"]
[Round "4"]
[TimeControl "180+2"]
[Date "2023.07.11"]
[WhiteClock "0:00:43"]
[BlackClock "0:00:12"]
[Board "178"]

1. e4 c5 2. Nf3 Nc6 3. d4 cxd4 4. Nxd4 Nf6 5. Nc3 e5 6. Ndb5 d6 7. Bg5 a6 8. Na3 b5 9. Nd5 Be7 10. Bxf6 Bxf6 11. g3 O-O 12. Bg2 Be7 13. O-O Be6 14. c4 b4 15. Nc2 a5 16. Nce3 Nd4 17. Qd2 Rc8 18. b3 f5 19. f4 fxe4 20. Bxe4 Nf5 21. Nxf5 Bxf5 22. Bxf5 Rxf5 23. Qd3 Rf7 24. fxe5 dxe5 25. Rxf7 Kxf7 26. Qf5+ Bf6 27. Qxh7 Rc5 28. Rf1 Rxd5 29. cxd5 Qxd5 30. Qh5+ Ke7 31. Rd1 Qc5+ 32. Kf1 Qc2 33. Qe2 Qc6 34. Kf2 Qc5+ 35. Kg2 Qc6+ 36. Qf3 Qc2+ 37. Kg1 e4 38. Re1 Qxa2 39. Qxe4+ Kd6 40. Rd1+ Kc7 41. Qc4+ Kb6 42. Rd6+ Kb7 43. Qc6+ Ka7 44. Rd7+ Kb8 45. Qc7+ 1-0


[Site "https://www.chess.com"]

[Event "Titled Tuesday Blitz July 11 Early 2023"]
[White "Itkis, Boris"]
[Black "Tarnowska, Aleksandra"]
[WhiteFideId "1209167"]
[BlackFideId "1180967"]
[WhiteElo "2443"]
[BlackElo "2123"]
[Result "1-0"]
[Round "4"]
[TimeControl "180+2"]
[Date "2023.07.11"]
[WhiteClock "0:00:38"]
[BlackClock "0:00:03"]
[Board "179"]

1. c4 e5 2. Nc3 Nf6 3. Nf3 Nc6 4. e4 Bb4 5. d3 d6 6. a3 Bxc3+ 7. bxc3 Bg4 8. g3 Qd7 9. h3 Bxf3 10. Qxf3 Na5 11. Qd1 Qc6 12. Bg2 h5 13. O-O h4 14. g4 Qd7 15. f4 exf4 16. Bxf4 Qe7 17. Bg5 Qe6 18. Qa4+ Nc6 19. Bxf6 gxf6 20. Rab1 Qc8 21. e5 fxe5 22. Rxb7 Qxb7 23. Bxc6+ Qxc6 24. Qxc6+ Ke7 25. Qxc7+ Ke6 26. Qxf7# 1-0


[Site "https://www.chess.com"]

[Event "Titled Tuesday Blitz July 11 Early 2023"]
[White "campochess"]
[Black "Zheenbekov, Nurgazy"]
[BlackFideId "13800485"]
[WhiteElo "2121"]
[BlackElo "2441"]
[Result "0-1"]
[Round "4"]
[TimeControl "180+2"]
[Date "2023.07.11"]
[WhiteClock "0:00:00"]
[BlackClock "0:00:18"]
[Board "180"]

1. e4 e5 2. Bc4 Nf6 3. d3 Be7 4. c3 O-O 5. Nf3 Nc6 6. O-O d5 7. exd5 Nxd5 8. h3 a6 9. a3 Bf5 10. Re1 Nb6 11. Nbd2 Bxd3 12. Ba2 e4 13. Nh2 Bd6 14. Ng4 Ne5 15. Nxe4 Bxe4 16. Rxe4 Nd3 17. Bg5 Qd7 18. Rd4 Nxb2 19. Qf3 Qc6 20. Qe2 N2a4 21. Rxa4 Nxa4 22. Rc1 Bc5 23. Qc4 Bxa3 24. Rc2 Qxc4 25. Bxc4 b5 26. Bd5 Rae8 27. c4 Re1+ 28. Kh2 Bd6+ 29. g3 b4 30. Bc6 b3 31. Rd2 b2 32. Rxb2 Nxb2 33. Be3 Nxc4 34. Bd4 a5 35. Kg2 Rb8 36. Ne3 Nxe3+ 37. fxe3 h6 38. Kf3 Reb1 39. h4 Rc1 40. Ba4 Rc4 41. Bd7 a4 42. g4 a3 43. Ba1 a2 44. g5 hxg5 45. hxg5 Rc1 46. Bd4 a1=Q 47. Bxa1 Rxa1 48. g6 fxg6 49. Ke4 Kf8 50. Kd5 Ke7 51. Bg4 Ra5+ 0-1


[Site "https://www.chess.com"]

[Event "Titled Tuesday Blitz July 11 Early 2023"]
[White "Begunov, Konstantin"]
[Black "cycygogne"]
[WhiteFideId "4118510"]
[WhiteElo "2439"]
[BlackElo "2110"]
[Result "1-0"]
[Round "4"]
[TimeControl "180+2"]
[Date "2023.07.11"]
[WhiteClock "0:00:08"]
[BlackClock "0:00:00"]
[Board "181"]

1. d4 Nf6 2. c4 c5 3. Nf3 cxd4 4. Nxd4 e5 5. Nb5 d5 6. cxd5 Bc5 7. d6 Qa5+ 8. N1c3 Na6 9. a3 Bd7 10. e3 Rc8 11. Bd2 Qd8 12. b4 Bb6 13. Be2 O-O 14. O-O Qe8 15. Qb3 Be6 16. Qb1 Nd5 17. Bf3 Nxc3 18. Nxc3 f5 19. Bd5 Qd7 20. Qb3 Rf6 21. Rac1 Rcf8 22. Bxe6+ Rxe6 23. Nb5 f4 24. exf4 exf4 25. Rfe1 Re8 26. Rxe6 Rxe6 27. Re1 Kf7 28. Bxf4 Nb8 29. Nc3 Nc6 30. Bg3 Nd4 31. Qa2 a5 32. Qd5 axb4 33. axb4 Qc6 34. Qxe6+ Nxe6 35. Ne4 1-0


[Site "https://www.chess.com"]

[Event "Titled Tuesday Blitz July 11 Early 2023"]
[White "Wisdom, Daren"]
[Black "Marn, Jan"]
[WhiteFideId "7400438"]
[BlackFideId "14619245"]
[WhiteElo "2066"]
[BlackElo "2439"]
[Result "1-0"]
[Round "4"]
[TimeControl "180+2"]
[Date "2023.07.11"]
[WhiteClock "0:00:13"]
[BlackClock "0:00:00"]
[Board "182"]

1. e4 e5 2. Nc3 g6 3. d4 Bg7 4. Nf3 exd4 5. Nxd4 Nc6 6. Nf3 Nge7 7. Nd5 O-O 8. Bg5 f6 9. Bf4 Nxd5 10. Qxd5+ Kh8 11. O-O-O d6 12. Bc4 Ne5 13. Nxe5 fxe5 14. Be3 Qe7 15. h4 h6 16. Bg5 Qe8 17. Be3 Qc6 18. Qd3 a6 19. h5 g5 20. Kb1 Qe8 21. Bd5 c6 22. Bc4 b5 23. Bb3 Rf6 24. c4 Bf8 25. f3 Be6 26. Qc3 Bf7 27. Qc2 Be7 28. c5 Bxb3 29. Qxb3 dxc5 30. Qc3 Re6 31. f4 gxf4 32. Bxf4 Bf8 33. Rdf1 Bg7 34. Be3 c4 35. g4 Rf6 36. Rxf6 Bxf6 37. Bxh6 Qg8 38. g5 Bxg5 39. Qxe5+ Kh7 40. Bxg5 Qf7 41. Qd6 Qg7 42. Be3 Re8 43. Rg1 Qxg1+ 44. Bxg1 1-0


[Site "https://www.chess.com"]

[Event "Titled Tuesday Blitz July 11 Early 2023"]
[White "Khromkin, Andrey"]
[Black "Tqebuchava, Zurab"]
[WhiteFideId "4154126"]
[BlackFideId "13601113"]
[WhiteElo "2438"]
[BlackElo "2057"]
[Result "1-0"]
[Round "4"]
[TimeControl "180+2"]
[Date "2023.07.11"]
[WhiteClock "0:00:12"]
[BlackClock "0:00:00"]
[Board "183"]

1. d4 g6 2. c4 Bg7 3. Nf3 d6 4. Nc3 Bg4 5. g3 Bxf3 6. exf3 Nc6 7. Be3 Nf6 8. Bg2 e5 9. O-O exd4 10. Bxd4 Nxd4 11. Qxd4 O-O 12. Rad1 b6 13. f4 Rb8 14. Qd2 Qd7 15. Nb5 a5 16. Nd4 Rbd8 17. Rfe1 Ng4 18. Bh3 Bxd4 19. Qxd4 f5 20. Bxg4 fxg4 21. Re3 Rde8 22. Rde1 Qf7 23. b3 Rxe3 24. Qxe3 Qf6 25. Kg2 Qf7 26. h3 gxh3+ 27. Kxh3 Qf5+ 28. Kg2 Qf7 29. Qe4 Kg7 30. Re3 Qf6 31. Qc6 Rf7 32. Qe8 g5 33. Rf3 g4 34. Re3 h5 35. Qc8 h4 36. Qxg4+ Qg6 37. Qxh4 Qf6 38. Qxf6+ Kxf6 39. Re8 Rg7 40. Kf3 Kf5 41. g4+ Kf6 42. g5+ Kf5 43. Rf8+ Ke6 44. Rf6+ Kd7 45. Kg4 Kc6 46. g6 Kc5 47. Kg5 Kb4 48. Rf7 Rg8 49. Rxc7 Ka3 50. Rc6 Kxa2 51. Rxb6 Ka3 52. f5 Kb2 53. f6 Kc3 54. f7 1-0


[Site "https://www.chess.com"]

[Event "Titled Tuesday Blitz July 11 Early 2023"]
[White "Herman, Matthew"]
[Black "Levine, David"]
[WhiteFideId "2028964"]
[BlackFideId "2011611"]
[WhiteElo "2432"]
[BlackElo "2023"]
[Result "1/2-1/2"]
[Round "4"]
[TimeControl "180+2"]
[Date "2023.07.11"]
[WhiteClock "0:00:05"]
[BlackClock "0:00:30"]
[Board "184"]

1. Nf3 Nf6 2. g3 d5 3. d3 c5 4. Bg2 Nc6 5. O-O g6 6. Nbd2 Bg7 7. e4 O-O 8. h3 e6 9. Re1 Rb8 10. a4 b6 11. c3 Ba6 12. Bf1 dxe4 13. dxe4 Bxf1 14. Kxf1 Qd3+ 15. Qe2 Rfd8 16. Nc4 Rbc8 17. Bg5 h6 18. Bxf6 Bxf6 19. Rad1 Qxe2+ 20. Kxe2 Be7 21. h4 Rxd1 22. Rxd1 Rd8 23. Rh1 h5 24. Ra1 Kg7 25. Nfd2 f6 26. Kd1 Kf7 27. Kc2 Bd6 28. Nf3 Bc7 29. Re1 Rd7 30. Rd1 Rxd1 31. Kxd1 Ke7 32. Kc2 Bb8 33. Kd3 Bc7 34. Nfd2 Bb8 35. Nf1 g5 36. hxg5 fxg5 37. Ke3 Kf6 38. Kf3 Kg6 39. Kg2 Ne5 40. Nxe5+ Bxe5 41. Ne3 Bc7 42. f3 a6 43. Nc4 b5 44. axb5 axb5 45. Na3 b4 46. cxb4 cxb4 47. Nc4 Kf6 48. b3 Kg6 49. Nb2 Be5 50. Nd3 Bd6 51. Kf2 Kf6 52. Kg2 Kg6 53. Kh3 Kf6 54. f4 Kg6 55. Kg2 Kf6 56. Kf3 Kg6 57. Kg2 Kf6 58. e5+ Bxe5 59. Nxe5 gxf4 60. gxf4 Kf5 61. Nd3 Ke4 62. Nxb4 Kxf4 63. Nc6 Ke4 64. b4 Kd5 65. Na5 Kd6 66. Kh3 Kc7 67. Nc4 Kc6 68. Na3 e5 69. Nc2 Kb5 70. Kh4 e4 71. Kxh5 e3 72. Kg4 e2 73. Kf3 e1=Q 74. Nxe1 Kxb4 1/2-1/2


[Site "https://www.chess.com"]

[Event "Titled Tuesday Blitz July 11 Early 2023"]
[White "Sava, Christiansen-Danut-Eugen"]
[Black "KorolDimitriy75"]
[WhiteFideId "1210114"]
[WhiteElo "1986"]
[BlackElo "2426"]
[Result "0-1"]
[Round "4"]
[TimeControl "180+2"]
[Date "2023.07.11"]
[WhiteClock "0:01:20"]
[BlackClock "0:00:21"]
[Board "185"]

1. d4 Nf6 2. c4 c5 3. d5 b5 4. cxb5 a6 5. bxa6 g6 6. Nc3 Bxa6 7. g3 d6 8. Bg2 Bg7 9. Bf3 O-O 10. Nh3 Nbd7 11. Nf4 Ne5 12. Bg2 Qa5 13. O-O Rfb8 14. a4 Nc4 15. Rb1 Nd7 16. Bd2 Nxb2 17. Qc2 Nc4 18. Rxb8+ Rxb8 19. Rb1 Rxb1+ 20. Nxb1 Nxd2 21. Nxd2 Nb6 22. h4 Qxa4 23. Qb1 Qa1 24. Qxa1 Bxa1 25. Kf1 h5 26. Ke1 Bc3 27. Kd1 Nc4 28. Nxc4 Bxc4 29. Nd3 Bd4 30. f3 Bxd5 0-1


[Site "https://www.chess.com"]

[Event "Titled Tuesday Blitz July 11 Early 2023"]
[White "Avila Jimenez, Xavier"]
[Black "Skiadopoulos, Nikolaos"]
[WhiteFideId "2210533"]
[BlackFideId "4200772"]
[WhiteElo "2424"]
[BlackElo "1928"]
[Result "1-0"]
[Round "4"]
[TimeControl "180+2"]
[Date "2023.07.11"]
[WhiteClock "0:00:34"]
[BlackClock "0:00:00"]
[Board "186"]

1. d4 Nf6 2. c4 c5 3. d5 b5 4. Qc2 g6 5. e4 d6 6. cxb5 Bg7 7. Nc3 O-O 8. Nf3 Nbd7 9. h3 Qa5 10. Bd2 a6 11. a4 Qc7 12. bxa6 c4 13. Be2 Bxa6 14. O-O Nc5 15. Bf4 Nb3 16. Rad1 Nd7 17. Rfe1 Rab8 18. Bf1 Qa5 19. e5 Nxe5 20. Nxe5 dxe5 21. Bxe5 Bxe5 22. Rxe5 Qc5 23. Ne4 Qb4 24. d6 exd6 25. Rxd6 Rb6 26. Rxb6 Qxb6 27. Qc3 f6 28. Bxc4+ Bxc4 29. Qxc4+ Kg7 30. Rb5 Na5 31. Qb4 1-0


[Site "https://www.chess.com"]

[Event "Titled Tuesday Blitz July 11 Early 2023"]
[White "Navyblue1"]
[Black "Balint, Vilmos"]
[BlackFideId "718050"]
[WhiteElo "1756"]
[BlackElo "2274"]
[Result "0-1"]
[Round "4"]
[TimeControl "180+2"]
[Date "2023.07.11"]
[WhiteClock "0:00:01"]
[BlackClock "0:01:16"]
[Board "187"]

1. d4 f5 2. e4 fxe4 3. Nc3 Nf6 4. Bg5 Nc6 5. d5 Ne5 6. Qe2 Nf7 7. h4 e5 8. O-O-O d6 9. Nxe4 Be7 10. f3 Nxe4 11. Bxe7 Nc3 12. Bxd8 Nxe2+ 13. Nxe2 Nxd8 14. Ng3 O-O 15. Bd3 Nf7 16. Bf5 Nh6 17. Be4 Bd7 18. b3 Rf4 19. Kb2 Raf8 20. Rd3 R4f7 21. Rc3 Bc8 22. a4 g6 23. Ne2 Bf5 24. Ng3 Bxe4 25. Nxe4 Nf5 26. Rd3 h6 27. c3 Kg7 28. Rh3 Ne7 29. b4 Rf4 30. g4 h5 31. g5 Nf5 32. c4 Nxh4 33. Nf6 Nf5 34. Kc3 Ne7 35. Ne4 R8f5 36. c5 Nc8 37. cxd6 Nxd6 38. Nxd6 cxd6 39. Rg3 h4 40. Rh3 Rxg5 41. Kb3 Rg3 42. Rxg3 hxg3 43. Rc3 g2 44. Kb2 g1=Q 45. Rc7+ Rf7 46. Rxf7+ Kxf7 0-1


[Site "https://www.chess.com"]

[Event "Titled Tuesday Blitz July 11 Early 2023"]
[White "Gyulamiryan-koryun"]
[Black "Domingo Nunez, Ruben"]
[BlackFideId "22245570"]
[WhiteElo "1808"]
[BlackElo "2584"]
[Result "1-0"]
[Round "4"]
[TimeControl "180+2"]
[Date "2023.07.11"]
[WhiteClock "0:02:04"]
[BlackClock "0:02:21"]
[Board "188"]

1. e4 a6 2. d4 h6 3. f4 g6 4. Nf3 Bg7 5. c3 d6 6. Bc4 b5 7. Bb3 Bb7 8. Nbd2 c5 9. dxc5 dxc5 10. e5 c4 11. Bc2 Qb6 12. Ne4 Nc6 13. Qe2 g5 14. Be3 Qc7 15. fxg5 Nxe5 16. Nxe5 Bxe5 17. g6 f5 18. Nc5 O-O-O 19. Ne6 Qc6 20. Nxd8 Kxd8 21. O-O-O+ Kc7 22. Bb6+ Kxb6 23. Qxe5 Nf6 24. g7 Rg8 25. Qxe7 Nd5 26. Qf7 1-0


[Site "https://www.chess.com"]

[Event "Titled Tuesday Blitz July 11 Early 2023"]
[White "Mikhaylova, Irina"]
[Black "Ionescu, Mihai"]
[WhiteFideId "4109040"]
[BlackFideId "1202499"]
[WhiteElo "2274"]
[BlackElo "2568"]
[Result "1-0"]
[Round "4"]
[TimeControl "180+2"]
[Date "2023.07.11"]
[WhiteClock "0:00:26"]
[BlackClock "0:00:03"]
[Board "189"]

1. Nf3 Nf6 2. c4 b6 3. Nc3 Bb7 4. d4 g6 5. Qc2 Bg7 6. e4 d6 7. Bd3 O-O 8. O-O Nbd7 9. Be3 c5 10. d5 a6 11. h3 Ne8 12. Rfe1 Nc7 13. a4 e6 14. Bf4 e5 15. Bh2 Bc8 16. Rab1 Nf6 17. b4 Nh5 18. a5 cxb4 19. axb6 bxc3 20. bxc7 Qxc7 21. Qxc3 f5 22. Ng5 fxe4 23. Nxe4 a5 24. c5 dxc5 25. Qxc5 Qd7 26. d6 Ba6 27. Bxa6 Rxa6 28. Qc4+ Kh8 29. Qxa6 Nf4 30. Rb7 Nxh3+ 31. gxh3 Qxh3 32. Qa7 Qg4+ 33. Bg3 Rg8 34. Rxg7 Rxg7 35. Qb8+ Rg8 36. Qxg8+ Kxg8 37. Nf6+ 1-0


[Site "https://www.chess.com"]

[Event "Titled Tuesday Blitz July 11 Early 2023"]
[White "Orlov, Georgi"]
[Black "Sarkar, Justin"]
[WhiteFideId "2011271"]
[BlackFideId "2010011"]
[WhiteElo "2543"]
[BlackElo "2245"]
[Result "1-0"]
[Round "4"]
[TimeControl "180+2"]
[Date "2023.07.11"]
[WhiteClock "0:01:59"]
[BlackClock "0:00:00"]
[Board "190"]

1. e4 e5 2. Nf3 Nc6 3. Bc4 Nf6 4. Ng5 d5 5. exd5 Na5 6. Bb5+ c6 7. dxc6 bxc6 8. Bd3 Ng4 9. Nf3 Bc5 10. O-O O-O 11. a3 Re8 12. Nc3 f5 13. b4 e4 14. bxc5 exd3 15. Rb1 Ba6 16. Re1 Rxe1+ 17. Qxe1 dxc2 18. Rb4 Qd7 19. d4 Re8 20. Qd2 1-0


[Site "https://www.chess.com"]

[Event "Titled Tuesday Blitz July 11 Early 2023"]
[White "Horokoskii"]
[Black "Kumala, Aleksander"]
[BlackFideId "1141880"]
[WhiteElo "2126"]
[BlackElo "2537"]
[Result "0-1"]
[Round "4"]
[TimeControl "180+2"]
[Date "2023.07.11"]
[WhiteClock "0:00:09"]
[BlackClock "0:01:26"]
[Board "191"]

1. d4 Nf6 2. c4 Nc6 3. g3 e5 4. dxe5 Nxe5 5. Nd2 Qe7 6. Qb3 g6 7. Bg2 h5 8. h4 d6 9. Ngf3 Nfg4 10. Nxe5 Nxe5 11. Nf3 c6 12. Bg5 f6 13. Nxe5 dxe5 14. Be3 Qb4+ 15. Kf1 Bf5 16. Qxb4 Bxb4 17. a3 Be7 18. Rd1 Bc2 19. Rd2 Bb3 20. c5 Kf7 21. Bf3 Rhd8 22. Ke1 Rxd2 23. Kxd2 a5 24. Kc3 Be6 25. Rd1 a4 26. Be4 Ra5 27. b4 axb3 28. Rb1 Rxa3 29. Bc1 Ra2 30. Bb2 Bxc5 31. Bd3 Bd4+ 0-1


[Site "https://www.chess.com"]

[Event "Titled Tuesday Blitz July 11 Early 2023"]
[White "Goltseva, Ekaterina"]
[Black "Hrescak, Ivana"]
[WhiteFideId "24173770"]
[BlackFideId "14613441"]
[WhiteElo "2513"]
[BlackElo "2118"]
[Result "1-0"]
[Round "4"]
[TimeControl "180+2"]
[Date "2023.07.11"]
[WhiteClock "0:00:04"]
[BlackClock "0:00:01"]
[Board "192"]

1. e4 e5 2. Nf3 Nc6 3. Nc3 Nf6 4. h3 d5 5. exd5 Nxd5 6. Bb5 Nxc3 7. bxc3 Bd6 8. O-O O-O 9. d4 exd4 10. cxd4 h6 11. c4 Bf5 12. Bb2 a6 13. Ba4 Rb8 14. c5 Bf4 15. d5 b5 16. Bb3 Na5 17. Qd4 Qf6 18. Qxf4 Qxb2 19. Qxf5 Nxb3 20. axb3 Qxb3 21. Rxa6 b4 22. Rb1 Qc3 23. Rc6 b3 24. Rxc7 Qc2 25. Nd4 Qc3 26. Qg4 b2 27. Re7 Rfe8 28. d6 Rxe7 29. dxe7 Qc1+ 30. Qd1 Qxc5 31. Qd2 Qxe7 32. Nc6 Qd8 33. Nxd8 Rxd8 34. Rxb2 Rxd2 35. Rxd2 1-0


[Site "https://www.chess.com"]

[Event "Titled Tuesday Blitz July 11 Early 2023"]
[White "Winkels, Marcel"]
[Black "Lopez Gracia, Fernando"]
[WhiteFideId "1003887"]
[BlackFideId "2207184"]
[WhiteElo "2091"]
[BlackElo "2410"]
[Result "1/2-1/2"]
[Round "4"]
[TimeControl "180+2"]
[Date "2023.07.11"]
[WhiteClock "0:01:16"]
[BlackClock "0:00:14"]
[Board "193"]

1. e4 c5 2. Nf3 g6 3. d4 cxd4 4. Nxd4 Bg7 5. c4 Nc6 6. Nc2 Nf6 7. Nc3 O-O 8. Be2 d6 9. O-O Be6 10. Be3 Ne5 11. b3 a6 12. Nd4 Bg4 13. f3 Bd7 14. Qd2 Rc8 15. Rac1 Nc6 16. Nxc6 Bxc6 17. Nd5 Bxd5 18. exd5 Nd7 19. Bd4 Bxd4+ 20. Qxd4 Qb6 21. Qxb6 Nxb6 22. Rfe1 Nd7 23. f4 Rc7 24. a4 a5 25. Bd3 Nc5 26. Bc2 f5 27. Re2 Kg7 28. Rce1 Kf6 29. Kf2 b6 30. Ke3 h5 31. Kd2 Rh8 32. h4 Rf8 33. Kc3 Rfc8 34. Kb2 Rb8 35. Re3 Rf8 36. Bd1 Rfc8 37. Bf3 Rf8 38. Bd1 Rb8 39. Bf3 Rh8 40. Bd1 Rf8 41. Bf3 Rh8 42. R3e2 Rf8 43. Re3 Rh8 1/2-1/2


[Site "https://www.chess.com"]

[Event "Titled Tuesday Blitz July 11 Early 2023"]
[White "Haitin, Ilja"]
[Black "Lakshmi C"]
[WhiteFideId "4501764"]
[BlackFideId "25035347"]
[WhiteElo "2361"]
[BlackElo "2100"]
[Result "1-0"]
[Round "4"]
[TimeControl "180+2"]
[Date "2023.07.11"]
[WhiteClock "0:01:39"]
[BlackClock "0:00:00"]
[Board "194"]

1. Nf3 Nf6 2. b3 c5 3. Bb2 d5 4. e3 Nc6 5. Bb5 Bd7 6. O-O a6 7. Bxc6 Bxc6 8. Ne5 e6 9. d3 Bd6 10. f4 Qc7 11. Nd2 b5 12. Nxc6 Qxc6 13. Bxf6 gxf6 14. Qf3 O-O-O 15. c4 Kb7 16. a4 dxc4 17. axb5 Qxf3 18. bxa6+ Ka8 19. Rxf3 cxd3 20. e4 Bc7 21. Rc1 Bb6 22. Nc4 Ba7 23. Rd1 Rd4 24. Rfxd3 Rxe4 25. Rd8+ 1-0


[Site "https://www.chess.com"]